 Dungeon Crawl Stone Soup version 0.14.1 (webtiles) character file.

499 Kae the Insei (level 6, 0/47 HPs)
             Began as a Draconian Transmuter on Apr 29, 2014.
             Succumbed to Duvessa's poison
             ... on Level 4 of the Dungeon.
             The game lasted 00:05:30 (3249 turns).

Kae the Insei (Draconian Transmuter)                Turns: 3249, Time: 00:05:30

HP   0/47        AC  2     Str 13      XL: 6   Next: 19%
MP   7/10        EV 19     Int 13      God:
Gold 185         SH  0     Dex 18      Spells:  3 memorised,  3 levels left

rFire  . . .     SeeInvis .       - Unarmed
rCold  . . .     Clarity  .     (armour unavailable)
rNeg   . . .     Conserve .     (shield currently unavailable)
rPois  x         rCorr    .     (helmet currently unavailable)
rElec  .         rRot     .     l - melded +2 cloak
SustAb . .       Spirit   .     z - melded +0 pair of gloves
rMut   .         Warding  .     (boots currently unavailable)
Saprov . . .     Stasis   .     (no amulet)
MR     .....                    (no ring)
                                (no ring)

@: spider-form, lethally poisoned, quick, not resistant to hostile enchantments,
unstealthy
A: unfitting armour, AC +6
a: End Transformation


You were on level 4 of the Dungeon.
You were not hungry.
You were in spider-form.
You visited 1 branch of the dungeon, and saw 4 of its levels.

You collected 185 gold pieces.

Inventory:

Missiles
 b - 12 arrows
 y - 3 tomahawks (quivered)
Armour
 l - a +2 cloak (melded)
 z - a +0 pair of gloves (melded)
Magical devices
 C - a wand of flame (0)
Comestibles
 a - 3 bread rations
 f - 2 meat rations
 x - 2 rotting chunks of orc flesh
 D - a cheese
Scrolls
 e - 4 scrolls of identify {unknown}
 g - a scroll of magic mapping {unknown}
 i - 2 scrolls of blinking {unknown}
 n - a scroll of enchant weapon I {unknown}
 p - 3 scrolls of random uselessness {unknown}
 q - a scroll of enchant weapon II {unknown}
 s - a scroll of immolation {unknown}
 u - 3 scrolls of remove curse {unknown}
 G - a scroll of teleportation {unknown}
Jewellery
 r - an uncursed amulet of resist corrosion {unknown}
 v - an uncursed ring of sustain abilities {unknown}
Potions
 c - 3 potions of might {unknown}
 h - a potion of haste {unknown}
 j - 2 potions of lignification
 k - 2 potions of curing
 m - a potion of degeneration {unknown}
 o - a potion of confusion {unknown}
 t - a potion of brilliance {unknown}
 w - 2 potions of restore abilities {unknown}
 A - a potion of porridge
 B - a potion of poison {unknown}
 E - a potion of heal wounds {unknown}
 I - a potion of mutation {unknown}
Books
 d - a book of Changes

   Spells                             Type                      Level
   *Beastly Appendage                 Transmutation                1
   *Sticks to Snakes                  Transmutation                2
   *Spider Form                       Transmutation/Poison         3
   Ice Form                           Ice/Transmutation            4
   Blade Hands                        Transmutation                5


   Skills:
 - Level 1.1 Fighting
 - Level 1.7 Dodging
 * Level 6.1 Unarmed Combat
 - Level 2.0 Spellcasting
 + Level 3.9 Transmutations


You had 3 spell levels left.
You knew the following spells:

 Your Spells              Type           Power        Failure   Level  Hunger
a - Beastly Appendage     Trmt           ##....       21%         1    ##.....
b - Sticks to Snakes      Trmt           ##........   24%         2    ###....
c - Spider Form           Trmt/Pois      #.........   61%         3    ####...


Dungeon Overview and Level Annotations

Branches:
Dungeon (4/15)
 Temple: D:4-7

Altars:
Fedhas
Makhleb
Vehumet

Annotations:
D:4 Dowan, Duvessa


Message History

Your +0 pair of gloves melds into your body.
You feel very sick.
Duvessa hits you with a short sword of venom.
You are more poisoned.
Duvessa closely misses you.
You feel very sick. Duvessa misses you.
Duvessa hits you with a short sword of venom!
* * * LOW HITPOINT WARNING * * *
You are more poisoned.
Unknown command.
You hit Duvessa but do no damage.
Duvessa is poisoned.
Duvessa is moderately wounded.
* * * LOW HITPOINT WARNING * * *
You feel very sick. Duvessa hits you but does no damage.
You are more poisoned.
You completely miss Duvessa.
Duvessa is moderately wounded.
You die...

... ...# ...#### ### ...... ..
#....# #.
#....#....###.###########
#...# #.......es........##
#..(# #.#.###e##...###...####
##.%##...#.# #ยง #...#
#......# ............ .. #####
#......# .##.##...#.....
#......# .##....#.#...e.
###......# .......#.#.....
#....#<..# .......#.#.....
#....#...#
.......#[#.....######....#####


You could see Duvessa and Dowan.

Vanquished Creatures
  A crimson imp (D:3)
  3 orc priests
  Crazy Yiuf (D:3)
  Ijyb (D:3)
  4 adders
  4 worms
  A giant gecko (D:4)
  An ooze (D:3)
  10 orcs
  2 ball pythons (D:1)
  4 giant cockroaches
  11 goblins
  3 hobgoblins
  7 jackals
  A quokka (D:2)
  6 bats
  3 giant newts (D:2)
  12 kobolds
  8 rats
83 creatures vanquished.

Notes
Turn   | Place    | Note
--------------------------------------------------------------
     0 | D:1      | Kae, the Draconian Transmuter, began the quest for the Orb.
     0 | D:1      | Reached XP level 1. HP: 16/16 MP: 3/3
   186 | D:1      | Reached XP level 2. HP: 21/23 MP: 4/4
   801 | D:2      | Reached XP level 3. HP: 28/28 MP: 4/6
   867 | D:2      | Reached skill level 4 in Unarmed Combat
  1117 | D:2      | Reached XP level 4. HP: 28/35 MP: 7/7
  1613 | D:3      | Noticed Ijyb
  1647 | D:3      | Killed Ijyb
  1894 | D:3      | Found a burning altar of Makhleb.
  1894 | D:3      | Found a radiant altar of Vehumet.
  1906 | D:3      | Reached skill level 5 in Unarmed Combat
  1906 | D:3      | Reached XP level 5. HP: 20/40 MP: 7/9
  2127 | D:3      | Found a blossoming altar of Fedhas.
  2441 | D:2      | Learned a level 2 spell: Sticks to Snakes
  2445 | D:2      | Learned a level 3 spell: Spider Form
  2736 | D:3      | Noticed Crazy Yiuf
  2744 | D:3      | Killed Crazy Yiuf
  2841 | D:4      | Reached XP level 6. HP: 9/47 MP: 10/10
  2842 | D:4      | Reached skill level 6 in Unarmed Combat
  3235 | D:4      | Noticed Duvessa
  3235 | D:4      | Noticed Dowan
  3249 | D:4      | Succumbed to Duvessa's poison

Action                   |  1- 3 |  4- 6 || total
-------------------------+-------+-------++-------
Melee: Unarmed           |   145 |   186 ||   331
 Cast: Beastly Appendage |     7 |    13 ||    20
       Spider Form       |       |     2 ||     2
  Use: Potion            |       |     2 ||     2
